 Dungeon Crawl Stone Soup version 0.24-a0-584-g9d6b971ae4 (webtiles) character file.

Game seed: 642594829871922391, levelgen mode: deterministic

592 DEFE the Slasher (level 7, 57/57 HPs)
             Began as a Grey Draconian Fighter on Aug 29, 2019.
             Was an Initiate of Sif Muna.
             Quit the game on level 5 of the Dungeon.
             The game lasted 00:06:02 (3724 turns).

DEFE the Slasher (Grey Draconian Fighter)           Turns: 3724, Time: 00:06:03

Health: 57/57      AC: 15    Str: 21    XL:     7   Next: 16%
Magic:  7/7        EV: 10    Int:  8    God:    Sif Muna [......]
Gold:   147        SH:  9    Dex: 10    Spells: 6/6 levels left

rFire    . . .     SeeInvis .   a - +0 long sword
rCold    . . .     Gourm    .   b - +0 shield
rNeg     . . .     Faith    .   (armour unavailable)
rPois    .         Spirit   .   (helmet restricted)
rElec    .         Reflect  .   q - +0 cloak
rCorr    .         Harm     .   (no gloves)
MR       .....                  v - +2 pair of boots
Stlth    +.........             n - amulet of magic regeneration
HPRegen  0.19/turn              (no ring)
MPRegen  0.35/turn              (no ring)

@: no status effects
A: walk through water, unfitting armour, unbreathing, cold-blooded, AC +11
a: Renounce Religion


You were on level 5 of the Dungeon.
You worshipped Sif Muna.
Sif Muna was noncommittal.
You were very hungry.

You visited 1 branch of the dungeon, and saw 5 of its levels.

You collected 147 gold pieces.

Inventory:

Hand Weapons
 a - a +0 long sword (weapon)
Missiles
 x - 3 curare-tipped darts (quivered)
Armour
 b - a +0 shield (worn)
 q - a +0 cloak (worn)
 t - a +0 buckler
 v - a +2 pair of boots (worn)
Jewellery
 n - an amulet of magic regeneration (around neck)
Wands
 p - a wand of digging (5)
 w - a wand of random effects (9)
Scrolls
 e - a scroll of remove curse
 g - 4 scrolls of identify {unknown}
 l - a scroll of teleportation
 m - a scroll of enchant armour {unknown}
 o - a scroll of blinking {unknown}
 s - a scroll of magic mapping {unknown}
 y - a scroll of noise {unknown}
Potions
 c - 2 potions of might
 f - 2 potions of agility
 h - 7 potions of curing {unknown}
 i - a potion of magic {unknown}
 j - a potion of heal wounds {unknown}
 k - a potion of invisibility
 r - a potion of brilliance {unknown}
 u - a potion of resistance {unknown}
Comestibles
 d - 4 rations


   Skills:
 - Level 3.3 Fighting
 + Level 7.9 Long Blades
 - Level 2.7 Dodging
 - Level 3.1 Shields


You had 6 spell levels left.
You didn't know any spells.
Your spell library was empty.

Dungeon Overview and Level Annotations

Branches:
Dungeon (5/15)
 Temple: D:4-7

Altars:
Cheibriados
Nemelex Xobeh
Ru
Sif Muna
The Shining One

Annotations:
D:4 Eustachio, Grinder


Innate Abilities, Weirdness & Mutations

You can walk through water.
Your dull iron-grey scales are very hard. (AC +11)
You cannot fit into any form of body armour.
You can survive without breathing.
You are cold-blooded and may be slowed by cold attacks.


Message History

The ogre shouts!
An ogre is nearby!
Throwing (i - inventory)
x - 4 curare-tipped darts (quivered)
Aim: an ogre, wielding a +0 giant club You throw a curare-tipped dart.
The curare-tipped dart hits the ogre.
The ogre is poisoned.
The ogre convulses.
The ogre seems to slow down.
Unknown command.
You are feeling very hungry.
You block the ogre's attack.
You slash the ogre!
You tail-slap the ogre, but do no damage.
You slash the ogre!
You kill the ogre!
Sif Muna accepts your kill.
You have reached level 7!
Your scales start taking on a dull iron-grey colour.
You learn Air Magic much slower.
You learn Earth Magic much quicker.
You can walk through water.
You feel breathless.
Health restored: 57; MP restored: 7

..... .....#####
.........#
...(.....#
.........# ....>..#
#.)..# #..@.# #####
#....####.....
#.............
##+##.........
#.........
#.........
#..(......
####......... #####
#.....#############


There were no monsters in sight!

Vanquished Creatures
  An ogre (D:5)
  A centaur (D:3)
  A scorpion (D:5)
  A howler monkey (D:4)
  2 orc priests (D:3)
  2 orc wizards (D:5)
  A bullfrog skeleton (D:2)
  Jessica (D:2)
  Ijyb (D:4)
  A worker ant (D:4)
  4 adders
  An ooze (D:1)
  A worm (D:2)
  4 dart slugs
  4 leopard geckos
  9 orcs
  8 bats
  2 giant cockroaches
  6 goblins
  6 hobgoblins
  4 jackals (D:3)
  3 quokkas
  7 frilled lizards
  7 kobolds
  A leopard gecko skeleton (D:5)
  3 rats
82 creatures vanquished.

Notes
Turn   | Place    | Note
-------+----------+-------------------------------------------
     0 | D:1      | DEFE the Draconian Fighter began the quest for the Orb.
     0 | D:1      | Reached XP level 1. HP: 19/19 MP: 1/1
   277 | D:1      | Reached XP level 2. HP: 26/26 MP: 2/2
   367 | D:1      | Reached skill level 3 in Long Blades
   809 | D:2      | Reached XP level 3. HP: 29/31 MP: 3/3
   911 | D:2      | Noticed Jessica
   913 | D:2      | Goblin1989: !lg defe
   917 | D:2      | beem: 4198. DEFE the Skullcrusher (L27 MuBe of Trog),
                  | escaped with the Orb and 15 runes on 2019-08-28 12:31:42,
                  | with 14403995 points after 110110 turns and 4:15:59.
   920 | D:2      | Killed Jessica
   920 | D:2      | Reached skill level 4 in Long Blades
   973 | D:2      | Reached XP level 4. HP: 11/38 MP: 4/4
   976 | D:2      | Goblin1989: !lg defe - log
   976 | D:2      | beem: No keyword '-'
  1192 | D:2      | Goblin1989: !lg defe -log
  1192 | D:2      | beem: 4198. DEFE, XL27 MuBe, T:110110:
                  | https://underhound.eu/crawl/morgue/DEFE/morgue-DEFE-2019082
                  | 8-123142.txt
  1872 | D:3      | Goblin1989: а почему руна в слаймах последняя?
  1985 | D:3      | Reached skill level 5 in Long Blades
  2027 | D:3      | DEFE: а почему бы и нет?
  2071 | D:3      | Reached XP level 5. HP: 36/45 MP: 5/5
  2169 | D:3      | Found a sparkling altar of Nemelex Xobeh.
  2194 | D:3      | Found a snail-covered altar of Cheibriados.
  2261 | D:3      | Found a sacrificial altar of Ru.
  2273 | D:3      | Found a shimmering blue altar of Sif Muna.
  2277 | D:3      | Became a worshipper of Sif Muna the Loreminder
  2460 | D:3      | Goblin1989: не, ну я просто подумал что за ней перед панами
                  | полезно сходить потому что там лут
  2476 | D:3      | DEFE: ну
  2476 | D:3      | DEFE: можно
  2476 | D:3      | DEFE: только есть риск намутировать, если ты живой
  2476 | D:3      | DEFE: если нужен лут - иди
  2476 | D:3      | DEFE: мне лут был уже не нужен
  2489 | D:3      | Goblin1989: понятно
  2510 | D:3      | Noticed a centaur
  2521 | D:3      | Killed a centaur
  2521 | D:3      | Reached skill level 6 in Long Blades
  2521 | D:3      | Reached XP level 6. HP: 34/51 MP: 6/6
  2651 | D:4      | Noticed Eustachio
  2781 | D:3      | Goblin1989: видимо я не в курсе что очередность бранчей
                  | немного поменять нужно теперь :)
  3051 | D:4      | DEFE: бранчи нужно проходит по ситуации
  3051 | D:4      | DEFE: а не в какой-то очередности
  3052 | D:4      | Noticed Ijyb
  3080 | D:4      | Killed Ijyb
  3256 | D:4      | Noticed Grinder
  3265 | D:5      | Entered Level 5 of the Dungeon
  3309 | D:5      | Found a glowing golden altar of the Shining One.
  3405 | D:5      | Reached skill level 7 in Long Blades
  3638 | D:5      | Goblin1989: &dump .
  3723 | D:5      | Your scales start taking on a dull iron-grey colour.
  3723 | D:5      | Reached XP level 7. HP: 57/57 MP: 7/7
  3723 | D:5      | Gained mutation: You can survive without breathing. [Grey
                  | Draconian growth]
  3724 | D:5      | beem:
                  | http://www.underhound.eu:81/crawl/morgue/Goblin1989/Goblin1
                  | 989.txt
  3724 | D:5      | DEFE: !tiamat
  3724 | D:5      | beem: DEFE is not a tiamat player. Unwon draconians:
                  | Yellow, Pale, White, Red
  3724 | D:5      | Quit the game

Levels and vault maps discovered:
D:1:      saegor_arrival_simple_a, layout_basic
D:2:      layout_loops_ring, uniq_jessica
D:3:      layout_rooms, nicolae_overflow_quartered_altars
D:4:      layout_basic, uniq_grinder, uniq_ijyb, uniq_eustachio
D:5:      layout_gridville, temple_statues, first_ration,
          nicolae_tso_carved_into_rock

Skill      XL: |  1  2  3  4  5  6 |
---------------+-------------------+-----
Long Blades    | 3 4 5 6 7 |  7.9
Fighting       | |  3.3
Dodging        | |  2.7
Shields        | |  3.1

Action                   |  1- 3 |  4- 6 |  7- 9 || total
-------------------------+-------+-------+-------++-------
Melee: Long sword        |    77 |   206 |       ||   283
       Tailslap          |    10 |    30 |       ||    40
Throw: Dart              |       |     9 |       ||     9
  Use: Scroll            |       |     3 |       ||     3
 Stab: Sleeping          |     1 |     1 |       ||     2
  Eat: Chunk             |       |     5 |       ||     5
       Ration            |       |     1 |       ||     1
Armor: Skin              |    22 |    83 |       ||   105
Dodge: Dodged            |    35 |    79 |       ||   114
Block: Shield            |    49 |    91 |       ||   140
       Buckler           |       |     2 |       ||     2
       Rpst.: Long sword |    14 |    31 |       ||    45

Table legend:
 A = Non-vault XP
 B = Vault XP
 C = Vault XP percentage of total XP
 D = Non-vault monster count
 E = Vault monster count
 F = Vault count percentage of total count
                 A         B        C        D         E       F
            +---------+---------+-------+---------+---------+-------
      Total |     774 |      73 |   8.6 |      80 |       2 |   2.4
            +---------+---------+-------+---------+---------+-------
        D:1 |      33 |       0 |   0.0 |      15 |       0 |   0.0
        D:2 |      85 |      37 |  30.3 |      22 |       1 |   4.3
        D:3 |     244 |       0 |   0.0 |      24 |       0 |   0.0
        D:4 |     115 |      36 |  23.8 |       5 |       1 |  16.7
        D:5 |     297 |       0 |   0.0 |      14 |       0 |   0.0
            +---------+---------+-------+---------+---------+-------
